cohdb
Replays
Latest Replays
All Replays
Popular Replays
Top Player Replays
Match Explorer
How It Works
Community
CoH3 Stats
Reddit
Sign in to upload your games and track your stats! →
Sign in with Steam
Match 42830070
Unlisted
Match 42830070
Overview
Messages
Build Orders
End
Selects Australian Defense Battlegroup
Selects Australian Light Infantry Section
Australian Light Infantry Section
Construct Section Command Post
Dingo Light Scout Car
Australian Light Infantry Section
Vickers Machine Gun Team
Construct Platoon Command Post
Vickers Machine Gun Team
Humber Armored Car
Selects 2-pounder Anti-tank Gun Team
Royal Engineer Section
2-pounder Anti-tank Gun Team
Unlock Bishop Self-propelled Artillery
2-pounder Anti-tank Gun Team
Bishop Self-propelled Artillery
AI Takeover
applejuice
Palten
Jarkke
Setti-Veke
0
0
Comments
sign in to comment!
No comments posted yet!